 Dungeon Crawl Stone Soup version 0.27.0-1-g7a089689b8 (webtiles) character file.

Game seed: 13591042509162995470

1298 pkoi the Insei (level 8, 0/63 HPs)
             Began as a Yellow Draconian Monk on Aug 12, 2021.
             Was a High Priest of Yredelemnul.
             Slain by a vampire mosquito (8 damage)
             ... on level 5 of the Dungeon.
             The game lasted 00:11:35 (8677 turns).

pkoi the Insei (Yellow Draconian Monk)              Turns: 8677, Time: 00:11:36

Health: 0/63       AC:  6    Str: 14    XL:     8   Next: 31%
Magic:  0/13       EV: 12    Int: 12    God:    Yredelemnul [*****.]
Gold:   294        SH:  0    Dex: 14    Spells: 11/13 levels left

rFire    . . .     SeeInvis .     - Unarmed
rCold    . . .     Faith    .   (no shield)
rNeg     . . .     Spirit   +   (armour unavailable)
rPois    .         Reflect  .   (helmet restricted)
rElec    .         Harm     .   (no cloak)
rCorr    +         Rampage  .   (no gloves)
Will     .....                  (no boots)
Stlth    ++........             b - amulet of guardian spirit
HPRegen  0.20/turn              (no ring)
MPRegen  0.13/turn              (no ring)

@: mighty, short of breath
A: spit acid, AC +6, unfitting armour, cold-blooded, acid resistance
a: Breathe Acid, Renounce Religion, Recall Undead Slaves, Injury Mirror, Animate
Dead, Drain Life, Enslave Soul


You were on level 5 of the Dungeon.
You worshipped Yredelemnul.
Yredelemnul was extremely pleased with you.
You visited 1 branch of the dungeon, and saw 5 of its levels.
You also visited: Ossuary.

You collected 294 gold pieces.

Inventory:

Jewellery
 b - an amulet of guardian spirit (around neck)
Wands
 m - a wand of polymorph (7)
 n - a wand of paralysis (4)
Scrolls
 c - a scroll of blinking
 d - a scroll of identify
 g - 3 scrolls of teleportation
 p - a scroll of amnesia
Potions
 a - a potion of lignification
 e - a potion of cancellation
 f - 2 potions of flight
 h - a potion of attraction
 i - 2 potions of resistance
 j - a potion of haste
 k - a potion of heal wounds
 l - a potion of curing


   Skills:
 - Level 3.2 Fighting
 - Level 2.6 Dodging
 - Level 1.7 Stealth
 * Level 7.8 Unarmed Combat
 + Level 3.3 Spellcasting
 + Level 3.5 Translocations
 + Level 4.6 Invocations


You had 11 spell levels left.
You knew the following spells:

 Your Spells              Type           Power      Damage    Failure   Level
a - Blink                 Tloc           N/A        N/A       9%          2

Your spell library contained the following spells:

 Spells                   Type           Power      Damage    Failure   Level
 Magic Dart               Conj           8%         1d3       24%         1
 Pain                     Necr           8%         1d4       24%         1
 Call Imp                 Summ           2%         N/A       34%         2
 Mephitic Cloud           Conj/Pois/Air  2%         N/A       56%         3
 Manifold Assault         Tloc           10%        N/A       83%         5
 Agony                    Necr           2%         N/A       100%        5
 Excruciating Wounds      Necr           1%         N/A       100%        5
 Storm Form               Tmut/Air       1%         N/A       100%        7


Dungeon Overview and Level Annotations

Branches:
Dungeon (5/15)             Temple (0/1) D:5         Ossuary (visited)

Altars:
Makhleb
Nemelex Xobeh
Yredelemnul
The Shining One
Beogh


Innate Abilities, Weirdness & Mutations

You can spit globs of acid.
Your golden yellow scales are hard. (AC +6)
You cannot fit into any form of body armour.
You are cold-blooded and may be slowed by cold attacks.
You are resistant to acid. (rCorr)


Message History

Your mummy is destroyed!
The vampire mosquito bites your mummy. The vampire mosquito bites your mummy!
Your mummy completely misses the vampire mosquito.
The vampire mosquito bites your mummy but does no damage.
The vampire mosquito bites your mummy!
Your mummy is destroyed!
Press: ? - help, Shift-Dir - straight line, f - vampire mosquito
Aim: a vampire mosquito (heavily damaged)
You spit a glob of acid.
The glob of acid misses the vampire mosquito.
Unknown command.
You feel very mighty all of a sudden.
The vampire mosquito closely misses you.
The vampire mosquito barely misses you.
You punch the vampire mosquito!
You destroy the vampire mosquito!
Yredelemnul accepts your kill. The vampire mosquito bites you.
The vampire mosquito draws strength from your injuries!
You closely miss the vampire mosquito. Your punch misses the vampire mosquito.
The vampire mosquito bites you.
The vampire mosquito draws strength from your injuries!
The vampire mosquito bites you!
* * * LOW HITPOINT WARNING * * *
The vampire mosquito draws strength from your injuries!
You hit the vampire mosquito.
The vampire mosquito is lightly damaged.
The vampire mosquito bites you.
* * * LOW HITPOINT WARNING * * *
The vampire mosquito draws strength from your injuries!
You closely miss the vampire mosquito. You tail-slap the vampire mosquito.
Your punch misses the vampire mosquito.
The vampire mosquito is lightly damaged.
The vampire mosquito bites you.
* * * LOW HITPOINT WARNING * * *
The vampire mosquito draws strength from your injuries!
The vampire mosquito bites you!
You die...
Your body rises from the dead as a mindless zombie.

#..# ###########.#
...........>#
##################
.)...............#
.###############.#
.# ####.# .#
#..#.# .# #..#@#
.# #..#y# .#
#######..#y# .#
.........#.#
#..#.# #y##.#
#).).# ######


You could see 2 vampire mosquitoes.

Vanquished Creatures
  A vampire mosquito (D:5)
  A black bear (D:4)
  An ogre (D:4)
  2 water moccasin zombies (Ossuary)
  2 hounds (D:5)
  A gnoll shaman (D:5)
  3 orc priests
  2 jellies
  2 bullfrog skeletons (D:5)
  2 orc wizards (D:5)
  Natasha (thrice) (D:3)
  A hound skeleton (D:2)
  2 mummies (Ossuary)
  4 adders
  9 gnolls
  2 river rats (D:5)
  3 adder zombies (Ossuary)
  6 worms
  3 dart slugs
  10 orcs
  5 ball pythons
  12 endoplasms
  A giant cockroach (D:4)
  3 gnoll zombies (Ossuary)
  5 goblins
  5 hobgoblins
  2 jackals (D:4)
  5 quokkas
  5 bats
  2 frilled lizards
  8 hobgoblin zombies (Ossuary)
  9 kobolds
  5 kobold zombies (Ossuary)
  10 orc zombies (Ossuary)
  8 rats
145 creatures vanquished.

Vanquished Creatures (collateral kills)
  A shadow (D:5)
  A scorpion (D:4)
  An orc wizard (D:5)
  Ijyb (D:4)
  A gnoll (D:5)
  An adder skeleton (D:4)
  2 worms (D:5)
  3 orcs
  A bat (D:3)
  A giant cockroach (D:2)
  A hobgoblin (D:4)
  2 jackals (D:4)
16 creatures vanquished.

Vanquished Creatures (others)
  A wight (D:4)
  2 mummies (D:5)
  A felid zombie (D:3)
  A gnoll zombie (D:5)
  A hobgoblin zombie (D:2)
  A kobold zombie (D:2)
  2 orc zombies (D:5)
  3 rat zombies
  2 worm zombies
14 creatures vanquished.

Grand Total: 175 creatures vanquished

Notes
Turn   | Place    | Note
-------+----------+-------------------------------------------
     0 | D:1      | pkoi the Draconian Monk began the quest for the Orb.
     0 | D:1      | Reached XP level 1. HP: 19/19 MP: 1/1
   280 | D:1      | Reached XP level 2. HP: 24/26 MP: 2/2
   795 | D:1      | Reached skill level 4 in Unarmed Combat
  1013 | D:1      | Found a faded altar of an unknown god.
  1239 | D:1      | Became a worshipper of Yredelemnul the Dark
  1239 | D:1      | Reached * piety under Yredelemnul
  1239 | D:1      | Reached ** piety under Yredelemnul
  1514 | D:2      | Reached XP level 3. HP: 29/31 MP: 3/3
  1797 | D:2      | Reached *** piety under Yredelemnul
  2594 | D:2      | Reached XP level 4. HP: 22/38 MP: 4/4
  2604 | D:2      | Reached skill level 5 in Unarmed Combat
  3006 | D:2      | Reached skill level 1 in Invocations
  3419 | D:3      | Noticed Natasha
  3432 | D:3      | Killed Natasha
  3435 | D:3      | Your ally Natasha died
  3720 | D:3      | Reached XP level 5. HP: 37/45 MP: 6/6
  3935 | D:3      | Learned a level 2 spell: Blink
  4122 | D:3      | Noticed Natasha
  4130 | D:3      | Killed Natasha
  4381 | D:3      | Found a glowing golden altar of the Shining One.
  4382 | D:3      | Found a burning altar of Makhleb.
  4501 | D:3      | Found a sparkling altar of Nemelex Xobeh.
  4578 | D:3      | Noticed Natasha
  4586 | D:3      | Killed Natasha
  4834 | D:4      | Found a sand-covered staircase.
  4839 | Ossuary  | Entered an ossuary
  4880 | Ossuary  | Reached **** piety under Yredelemnul
  4924 | Ossuary  | Reached skill level 1 in Spellcasting
  4966 | Ossuary  | Reached skill level 6 in Unarmed Combat
  4966 | Ossuary  | Reached skill level 1 in Translocations
  4966 | Ossuary  | Reached XP level 6. HP: 49/51 MP: 5/7
  5608 | D:4      | Noticed Ijyb
  5649 | D:4      | Received a gift from Yredelemnul (a wight)
  5959 | D:4      | Your scales start taking on a golden yellow colour.
  5959 | D:4      | Reached XP level 7. HP: 52/57 MP: 7/9
  5959 | D:4      | Gained mutation: You are resistant to acid. (rCorr) [Yellow
                  | Draconian growth]
  6074 | D:4      | Killed Ijyb
  6661 | D:4      | Reached ***** piety under Yredelemnul
  6894 | D:5      | Entered Level 5 of the Dungeon
  6976 | D:5      | Received a gift from Yredelemnul (a mummy)
  7170 | D:5      | Reached skill level 7 in Unarmed Combat
  7469 | D:5      | Found a staircase to the Ecumenical Temple.
  7771 | D:5      | Received a gift from Yredelemnul (a mummy)
  7847 | D:5      | Noticed a shadow
  7859 | D:5      | Reached XP level 8. HP: 29/63 MP: 4/12
  8677 | D:5      | Slain by a vampire mosquito

Illustrated notes

Levels and vault maps discovered:
D:1:      dpeg_arrival_lava_temple_mockup, layout_basic,
          dilly_ecumenical_altar_fadedgnrine
D:2:      minmay_chambers_of_ones, layout_loops_cross
D:3:      layout_basic, minitemple, nemelex_dance_club_becter,
          chequers_hall_statues_corner_a, minmay_misc_feat_pillars, st_stairs_8,
          uniq_natasha
D:4:      layout_basic, enter_ossuary_2, kennysheep_orc_chapel, uniq_ijyb
D:5:      layout_basic, minmay_temple_entry_junction, lightli_sewer_entry_pipes

Skill      XL: |  1  2  3  4  5  6  7  8 |
---------------+-------------------------+-----
Unarmed Combat | 4 5 6 7 |  7.8
Invocations    | 1 2 3 4 |  4.6
Spellcasting   | 1 2 3 |  3.3
Translocations | 1 2 3 |  3.5
Fighting       | |  3.2
Dodging        | |  2.6
Stealth        | |  1.7

Action                   |  1- 3 |  4- 6 |  7- 9 || total
-------------------------+-------+-------+-------++-------
Melee: Unarmed           |   116 |   292 |   228 ||   636
       Tailslap          |    18 |    39 |    23 ||    80
       Punch             |       |     8 |     9 ||    17
Invok: Animate Remains   |     4 |       |       ||     4
       Animate Dead      |     3 |     9 |    10 ||    22
       Recall Undead Sla |       |       |     2 ||     2
 Abil: Breathe Acid      |       |       |     2 ||     2
  Use: Scroll            |       |    11 |     3 ||    14
       Potion            |       |     1 |     1 ||     2
 Stab: Sleeping          |     5 |     3 |     2 ||    10
Armor: Skin              |    25 |    79 |    56 ||   160
Dodge: Dodged            |    63 |   186 |    98 ||   347
